 Dungeon Crawl Stone Soup version 0.26.1-11-gd32895ea62 (webtiles) character file.

Game seed: 5276592736121595086

379 bnorton916 the Conjurer (level 6, 0/32 HPs)
             Began as a Deep Elf Conjurer on July 16, 2021.
             Succumbed to an adder's poison
             ... on level 4 of the Dungeon.
             The game lasted 00:07:48 (4594 turns).

bnorton916 the Conjurer (Deep Elf Conjurer)         Turns: 4594, Time: 00:07:49

Health: 0/32       AC:  4    Str:  4    XL:     6   Next: 45%
Magic:  5/16       EV: 13    Int: 25    God:
Gold:   129        SH:  0    Dex: 13    Spells: 5/16 levels left

rFire    . . .     SeeInvis .   l - +1 dagger (venom)
rCold    . . .     Faith    .   (no shield)
rNeg     . . .     Spirit   .   a - +0 robe
rPois    .         Reflect  .   m - +0 helmet
rElec    .         Harm     .   (no cloak)
rCorr    .         Rampage  .   (no gloves)
Will     .....                  n - +0 pair of boots
Stlth    ++........             (no amulet)
HPRegen  0.10/turn              (no ring)
MPRegen  0.15/turn              (no ring)

@: lethally poisoned (0 -> -11), berserk cooldown, slowed, very slow
A: no striking features
a: no special abilities


You were on level 4 of the Dungeon.
You visited 1 branch of the dungeon, and saw 4 of its levels.

You collected 129 gold pieces.

Inventory:

Hand Weapons
 l - a +1 dagger of venom (weapon)
Armour
 a - a +0 robe (worn)
 m - a +0 helmet (worn)
 n - a +0 pair of boots (worn)
Scrolls
 b - 2 scrolls of magic mapping {unknown}
 c - 4 scrolls of teleportation {unknown}
 e - 2 scrolls of identify {unknown}
 f - a scroll of enchant weapon {unknown}
 i - a scroll of fear {unknown}
 j - 3 scrolls of remove curse {unknown}
 p - 2 scrolls of amnesia {unknown}
 q - a scroll of enchant armour {unknown}
 r - a scroll of blinking {unknown}
Potions
 d - a potion of mutation {unknown}
 g - a potion of brilliance {unknown}
 h - a potion of berserk rage
 k - a potion of cancellation {unknown}
 o - 3 potions of magic {unknown}


   Skills:
 - Level 2.4 Dodging
 - Level 2.4 Stealth
 + Level 5.9 Spellcasting
 + Level 6.1 Conjurations
 + Level 3.2 Hexes
 + Level 2.4 Translocations


You had 5 spell levels left.
You knew the following spells:

 Your Spells              Type           Power        Failure   Level
a - Magic Dart            Conj           100%         1%          1
b - Searing Ray           Conj           76%          1%          2
c - Fulminant Prism       Conj/Hex       15%          11%         4
d - Iskenderun's Mystic   Conj/Tloc      29%          13%         4

Your spell library contained the following spells:

 Spells                   Type           Power        Failure   Level
 Dazzling Flash           Conj/Hex       60%          3%          3


Dungeon Overview and Level Annotations

Branches:
Dungeon (4/15)
 Temple: D:4-7

Altars:


Message History

* * * LOW HITPOINT WARNING * * *
You see here a worker ant corpse.
You puncture the orc!
You kill the orc!
* * * LOW HITPOINT WARNING * * *
You feel sick. The adder barely misses you.
* * * LOW HITPOINT WARNING * * *
You feel sick. The adder bites you.
* * * LOW HITPOINT WARNING * * *
Things that are here:
a +0 hand axe; a +0 leather armour You feel a strong urge to attack something.
The adder misses you.
* * * LOW HITPOINT WARNING * * *
You feel sick. The adder bites you.
* * * LOW HITPOINT WARNING * * *
You feel your anger nearly subside.
You are no longer berserk.
You are exhausted.
You feel yourself slow down.
You die...

#####
##...##
##.....##
#$...@..#
+...=...#
#...S...#
##.†)..##
##...##
##### # #
# ### ###


You could see an adder.

Vanquished Creatures
  2 scorpions (D:4)
  A gnoll shaman (D:4)
  An orc priest (D:3)
  A worker ant (D:4)
  Robin (D:2)
  6 gnolls
  5 adders
  An ooze (D:2)
  A worm (D:2)
  2 leopard geckos
  6 orcs
  A ball python (D:3)
  7 bats
  A giant cockroach (D:1)
  13 goblins
  9 hobgoblins
  2 jackals (D:3)
  6 frilled lizards
  12 kobolds
  6 rats
84 creatures vanquished.

Notes
Turn   | Place    | Note
-------+----------+-------------------------------------------
     0 | D:1      | bnorton916 the Deep Elf Conjurer began the quest for the
                  | Orb.
     0 | D:1      | Reached XP level 1. HP: 10/10 MP: 6/6
   368 | D:1      | Reached XP level 2. HP: 15/15 MP: 5/8
   879 | D:2      | Reached skill level 5 in Conjurations
   879 | D:2      | Reached XP level 3. HP: 19/19 MP: 3/10
  1836 | D:2      | Reached XP level 4. HP: 24/24 MP: 7/12
  1971 | D:1      | Learned a level 2 spell: Searing Ray
  1976 | D:1      | Learned a level 4 spell: Fulminant Prism
  1981 | D:1      | Learned a level 4 spell: Iskenderun's Mystic Blast
  2369 | D:2      | Noticed Robin
  2389 | D:2      | Killed Robin
  2818 | D:3      | Reached skill level 5 in Spellcasting
  2818 | D:3      | Reached skill level 1 in Hexes
  2818 | D:3      | Reached skill level 1 in Translocations
  2818 | D:3      | Reached XP level 5. HP: 23/28 MP: 5/14
  4218 | D:4      | Reached skill level 6 in Conjurations
  4218 | D:4      | Reached XP level 6. HP: 28/32 MP: 7/16
  4571 | D:4      | Noticed a sky beast
  4593 | D:4      | HP: 2/48 [adder (2)]
  4594 | D:4      | Succumbed to an adder's poison

Illustrated notes

Levels and vault maps discovered:
D:1:      co_arrival_two_rings, layout_basic
D:2:      layout_rooms, grunt_ministairs_2, minmay_misc_feat_doors, uniq_robin
D:3:      layout_basic
D:4:      minmay_octagon_keep, layout_loops_ring, solitary_fountain,
          minivault_26

Skill      XL: |  1  2  3  4  5  6 |
---------------+-------------------+-----
Spellcasting   | 4 5 |  5.9
Conjurations   | 5 6 |  6.1
Hexes          | 1 2 3 |  3.2
Translocations | 1 2 |  2.4
Dodging        | |  2.4
Stealth        | |  2.4

Action                   |  1- 3 |  4- 6 || total
-------------------------+-------+-------++-------
Melee: Dagger            |       |    47 ||    47
 Cast: Magic Dart        |    61 |    88 ||   149
       Searing Ray       |       |     6 ||     6
       Iskenderun's Myst |       |     1 ||     1
  Use: Potion            |       |     1 ||     1
 Stab: Sleeping          |       |     1 ||     1
Armor: Robe              |       |    13 ||    13
Dodge: Dodged            |    10 |    53 ||    63
